 Dungeon Crawl Stone Soup version 0.21.1-1-g345015fe64 (webtiles) character file.

6016 Kholdaimon the Slinger (level 11, 0/81 HPs)
             Began as a Halfling Hunter on June 15, 2018.
             Was a Priest of Okawaru.
             Succumbed to a killer bee's poison
             ... on level 8 of the Dungeon.
             The game lasted 01:34:03 (9492 turns).

Kholdaimon the Slinger (Halfling Hunter)            Turns: 9492, Time: 01:34:03

Health: 0/81       AC:  7    Str: 13    XL:     11   Next: 10%
Magic:  11/11      EV: 16    Int:  9    God:    Okawaru [***...]
Gold:   130        SH:  7    Dex: 19    Spells: 10/10 levels left

rFire    . . .     SeeInvis .   a - +2 hunting sling
rCold    . . .     Gourm    .   y - +0 buckler
rNeg     . . .     Faith    .   j - +0 ring mail
rPois    .         Spirit   .   (no helmet)
rElec    .         Reflect  .   (no cloak)
rCorr    .         Harm     .   Q - +0 pair of gloves
MR       .....                  (no boots)
Stlth    +++.......             (no amulet)
HPRegen  0.23/turn              t - +1 ring of protection
MPRegen  0.12/turn              u - ring of stealth

@: lethally poisoned (0 -> -13)
A: small, mutation resistance 1
a: Heroism, Renounce Religion


You were on level 8 of the Dungeon.
You worshipped Okawaru.
Okawaru was most pleased with you.
You were hungry.

You visited 2 branches of the dungeon, and saw 9 of its levels.

You collected 358 gold pieces.
You spent 228 gold pieces at shops.

Inventory:

Hand Weapons
 a - a +2 hunting sling (weapon)
 i - a +0 scimitar of flaming
 N - a +4 dagger
Missiles
 d - 22 sling bullets (quivered)
 l - 102 stones
 L - 26 poisoned needles
Armour
 j - a +0 ring mail (worn)
 y - a +0 buckler (worn)
 I - the +1 robe of Dishonour {rPois Dex-2 SInv Stlth+}
   (You took it off a gnoll on level 7 of the Dungeon)

   It affects your dexterity (-2).
   It protects you from poison.
   It lets you see invisible.
   It makes you more stealthy.
 Q - a +0 pair of gloves (worn)
Jewellery
 b - an uncursed ring of magical power
 k - an uncursed ring of positive energy
 p - an uncursed ring of wizardry
 t - a +1 ring of protection (left hand)
 u - a ring of stealth (right hand)
 w - an uncursed ring of protection from cold
Wands
 H - a wand of polymorph (2)
 J - a wand of iceblast (8)
Scrolls
 g - a scroll of enchant weapon
 m - 5 scrolls of remove curse
 v - a scroll of magic mapping
 x - 2 scrolls of teleportation
 C - a scroll of silence
 E - a scroll of fog
 F - 2 scrolls of amnesia
 G - a scroll of identify
Potions
 c - a potion of cancellation {unknown}
 e - a potion of brilliance
 h - a potion of agility
 n - a potion of ambrosia
 o - 2 potions of might
 q - 2 potions of curing
 s - 2 potions of resistance {unknown}
 z - 5 potions of flight
 A - 5 potions of haste {unknown}
 B - 2 potions of berserk rage
 D - a potion of magic {unknown}
Books
 K - a book of Callings

   Spells                             Type                      Level
   a - Summon Small Mammal            Summoning                    1
   b - Call Imp                       Summoning                    2
   c - Call Canine Familiar           Summoning                    3
   d - Summon Guardian Golem          Hexes/Summoning              3
   e - Summon Lightning Spire         Summoning/Air                4
   f - Summon Ice Beast               Ice/Summoning                4
 P - a book of Power

   Spells                             Type                      Level
   a - Iskenderun's Battlesphere      Conjuration/Charms           5
   b - Venom Bolt                     Conjuration/Poison           5
   c - Bolt of Magma                  Conjuration/Fire/Earth       5
   d - Iron Shot                      Conjuration/Earth            6
   e - Orb of Destruction             Conjuration                  7
   f - Spellforged Servitor           Conjuration/Summoning        7
Comestibles
 f - 13 rations


   Skills:
 + Level 10.1 Fighting
 * Level 3.3 Short Blades
 - Level 12.5 Slings
 + Level 2.2 Armour
 + Level 5.4 Dodging
 + Level 3.6 Stealth
 + Level 5.4 Shields


You had 10 spell levels left.
You didn't know any spells.

Dungeon Overview and Level Annotations

Branches:
Dungeon (8/15)             Temple (1/1) D:5
   Lair: D:8-11

Altars:
Ashenzari
Cheibriados
Dithmenos
Elyvilon
Fedhas
Gozag
Hepliaklqana
Kikubaaqudgha
Makhleb
Nemelex Xobeh
Okawaru
Qazlal
Ru
Sif Muna
Trog
Uskayaw
Vehumet
Wu Jian
Xom
Yredelemnul
Zin
The Shining One

Shops:
D:5 ?   D:7 :

Annotations:
D:8 Grum


Innate Abilities, Weirdness & Mutations

You are small and have problems with some larger weapons.
You are somewhat resistant to further mutation.


Message History

* * * LOW HITPOINT WARNING * * *
The killer bee stings you.
* * * LOW HITPOINT WARNING * * *
You are more poisoned.
The killer bee poisons you!
A killer bee comes into view.
You feel sick. The killer bee closely misses you. The killer bee misses you.
The killer bee stings you.
* * * LOW HITPOINT WARNING * * *
You feel sick. You block the killer bee's attack.
The killer bee stings you but does no damage.
The killer bee stings you.
* * * LOW HITPOINT WARNING * * *
You are lethally poisoned!
The killer bee poisons you! The killer bee stings you.
* * * LOW HITPOINT WARNING * * *
* * * LOW HITPOINT WARNING * * *
You feel sick. The killer bee misses you. The killer bee barely misses you.
The killer bee closely misses you. The killer bee misses you.
You die...

#..#.# ##)........... #.##.#
##[............
##.#..###..#..#........
##..#.#.....#...........
#..##.#.....#..#........
#.###.#..........#...... #.#
#.#.....###..#.....>
#.###y####### #.........
#####(##yy.@...# ##....)[..
#((((yyo.y###.## ##...#....
##>#.#####.###.#####<.>...)..
#####..#(#
#.##..##....###.....
......(oy# #.##.##..####
###... .###.oy### #....#..##
###..... ....o(g #......##
#...#... ..####( #....####
#.##.... # #( ......#
#.......


You could see an orc warrior and 6 killer bees.

Vanquished Creatures
  Erica (D:8)
  Pikel (D:5)
  Joseph (D:7)
  The ghost of Kholdaimon the Slinger, a novice HaHu (D:4)
  The ghost of Gedi the Skirmisher, an amateur MiAK of Lugonu (D:5)
  A queen bee (D:8)
  Grinder (D:4)
  Sigmund (D:5)
  Menkaure (D:4)
  A water moccasin (D:7)
  2 orc warriors
  3 sky beasts
  A necrophage (D:5)
  An ogre (D:8)
  2 phantoms
  2 wolves (D:8)
  2 centaurs (D:7)
  A crocodile (D:7)
  A big kobold (D:7)
  Blork the orc (D:4)
  5 bullfrogs
  A wyvern skeleton (D:6)
  A scorpion (D:6)
  12 killer bees
  2 crimson imps (D:6)
  A centaur zombie (D:7)
  A hound (D:6)
  8 orc wizards
  2 bullfrog skeletons
  A gnoll shaman (D:7)
  4 orc priests
  An iguana (D:7)
  6 worker ants
  A hound skeleton (D:5)
  6 adders
  11 gnolls
  A shadow imp (D:5)
  4 adder skeletons
  An adder zombie (D:4)
  3 worms
  8 leopard geckos
  20 orcs
  A ball python (D:4)
  5 bats
  6 giant cockroaches
  9 goblins
  6 hobgoblins
  9 jackals
  14 kobolds
  4 quokkas
  5 frilled lizards
  A giant cockroach zombie (D:6)
  A jackal skeleton (D:6)
  A leopard gecko skeleton (D:4)
  7 rats
195 creatures vanquished.

Notes
Turn   | Place    | Note
-------+----------+-------------------------------------------
     0 | D:1      | Kholdaimon the Halfling Hunter began the quest for the Orb.
     0 | D:1      | Reached XP level 1. HP: 14/14 MP: 1/1
   161 | D:1      | Reached skill level 6 in Slings
   196 | D:1      | Reached XP level 2. HP: 19/19 MP: 2/2
   907 | D:2      | Noticed a gnoll sergeant
   913 | D:2      | Reached XP level 3. HP: 18/24 MP: 3/3
   915 | D:2      | Reached skill level 7 in Slings
  1301 | D:2      | Found a sacrificial altar of Ru.
  1692 | D:2      | Reached XP level 4. HP: 29/29 MP: 4/4
  2426 | D:3      | Reached skill level 8 in Slings
  2600 | D:3      | Reached XP level 5. HP: 20/34 MP: 5/5
  3070 | D:4      | Noticed Blork the orc
  3082 | D:4      | Killed Blork the orc
  3082 | D:4      | Reached skill level 9 in Slings
  3082 | D:4      | Reached XP level 6. HP: 37/41 MP: 6/6
  3156 | D:4      | Noticed Kholdaimon's ghost (novice HaHu)
  3234 | D:4      | Noticed Grinder
  3267 | D:4      | Killed Grinder
  3267 | D:4      | Reached skill level 10 in Slings
  3267 | D:4      | Reached XP level 7. HP: 18/46 MP: 7/7
  3643 | D:4      | Killed Kholdaimon's ghost
  3643 | D:4      | Reached skill level 11 in Slings
  3863 | D:4      | Noticed Menkaure
  3874 | D:4      | Killed Menkaure
  3874 | D:4      | Reached XP level 8. HP: 29/54 MP: 8/8
  4244 | D:5      | Entered Level 5 of the Dungeon
  4256 | D:5      | Noticed Sigmund
  4271 | D:5      | Killed Sigmund
  4388 | D:5      | Noticed Gedi's ghost (amateur MiAK)
  4426 | D:5      | Killed Gedi's ghost
  4426 | D:5      | Reached skill level 12 in Slings
  4499 | D:5      | Reached skill level 5 in Fighting
  4519 | D:5      | Noticed Pikel
  4536 | D:5      | Killed Pikel
  4536 | D:5      | Reached XP level 9. HP: 50/63 MP: 9/9
  4785 | D:5      | Reached skill level 1 in Shields
  5033 | D:5      | Found a staircase to the Ecumenical Temple.
  5039 | Temple   | Entered the Ecumenical Temple
  5325 | Temple   | Became a worshipper of Warmaster Okawaru
  5601 | D:5      | Found Miluot's Magic Scroll Shoppe.
  5609 | D:5      | Bought a scroll of noise for 12 gold pieces
  5609 | D:5      | Bought a scroll of silence for 90 gold pieces
  5609 | D:5      | Bought a scroll of amnesia for 42 gold pieces
  5609 | D:5      | Bought a scroll of remove curse for 36 gold pieces
  5611 | D:5      | Bought a scroll of identify for 24 gold pieces
  5611 | D:5      | Bought a scroll of identify for 24 gold pieces
  7354 | D:7      | Found Ogush's Book Shop.
  7391 | D:7      | Reached * piety under Okawaru
  7422 | D:7      | Got a tattered robe
  7477 | D:7      | Reached XP level 10. HP: 71/71 MP: 10/10
  7509 | D:7      | Noticed Joseph
  7541 | D:7      | Killed Joseph
  7574 | D:7      | Identified the +1 robe of Dishonour {rPois Dex-2 SInv Stlth+} (You took it off a gnoll on level 7 of the Dungeon)
  8133 | D:7      | Reached ** piety under Okawaru
  8675 | D:8      | Found an ornate altar of the Wu Jian Council.
  8692 | D:8      | Reached skill level 5 in Dodging
  8730 | D:8      | Reached skill level 5 in Shields
  8923 | D:8      | Noticed Erica
  8976 | D:8      | Killed Erica
  8976 | D:8      | Reached *** piety under Okawaru
  8976 | D:8      | Reached skill level 1 in Short Blades
  8976 | D:8      | Reached skill level 1 in Armour
  9419 | D:8      | Reached skill level 10 in Fighting
  9419 | D:8      | Reached XP level 11. HP: 53/80 MP: 11/11
  9422 | D:8      | Noticed Grum
  9490 | D:8      | HP: 3/81 [killer bee (5)]
  9491 | D:8      | HP: 1/81 [poisoned by a killer bee]
  9492 | D:8      | Succumbed to a killer bee's poison

Skill      XL: |  1  2  3  4  5  6  7  8  9 10 11 |
---------------+----------------------------------+-----
Slings         | 6 7 8 9 10 11 12 | 12.5
Fighting       | 2 3 4 6 8 10 | 10.1
Dodging        | 3 4 5 |  5.4
Stealth        | 2 3 |  3.6
Shields        | 3 5 |  5.4
Short Blades   | 2 3 |  3.3
Armour         | 1 2 |  2.2

Action                   |  1- 3 |  4- 6 |  7- 9 | 10-12 || total
-------------------------+-------+-------+-------+-------++-------
Melee: Hunting sling     |       |       |       |     1 ||     1
 Fire: Hunting sling     |    74 |   185 |   400 |   379 ||  1038
Evoke: Wand              |       |       |       |     1 ||     1
  Use: Scroll            |     4 |     7 |     5 |       ||    16
       Potion            |     1 |       |       |     1 ||     2
  Eat: Chunk             |     2 |     4 |     6 |     5 ||    17
       Ration            |       |       |     2 |       ||     2
Armor: Ring mail         |     6 |     5 |    25 |    33 ||    69
Dodge: Dodged            |    15 |    30 |    65 |   121 ||   231
Block: Buckler           |       |       |    12 |    63 ||    75
